[Event "*** Titled Tuesday Blitz"]
[Site "Chess.com"]
[Date "2020.10.20"]
[Round "5"]
[White "stolencandy13"]
[Black "UmbertoConcelli"]
[Result "0-1"]
[WhiteElo "2469"]
[BlackElo "2713"]
[TimeControl "180+1"]
[EndTime "10:57:05 PDT"]
[Termination "UmbertoConcelli won by resignation"]

1. e4 c5 2. Nf3 d6 3. d4 cxd4 4. Nxd4 Nf6 5. Nc3 Nc6 6. Bg5 e6 7. Qd2 a6 8. O-O-O Bd7 9. f3 Nxd4 10. Qxd4 Be7 11. h4 Qc7 12. g4 h5 13. Be2 b5 14.
gxh5 Rc8 15. a3 Nxh5 16. Bxe7 Kxe7 17. Rhg1 Qc5 18. Qd2 Qe5 19. Rg5 Qf4 20. Qxf4 Nxf4 21.
Rxg7 Rxc3 22. bxc3 Nxe2+ 23. Kd2 Nf4 24. Rh1 e5 25.
Rgg1 Bh3 26. a4 Rxh4 27. axb5 axb5 28. Rb1 Rh6 29. Rxb5 Rg6 30. Rh2 Rg1 31. c4 Rf1 32. Ke3 Re1+ 33. Kd2 Rf1 34. Ke3 Bg2 35. c5 Rxf3+ 36.
Kd2 Rf2+ 37. Kc1 Rf1+ 38. Kb2 Bxe4 39. cxd6+ Kxd6 40. Rd2+ Ke6 41. Rb6+ Kf5 42. Rd7 Bd5 43. Rb4 Be6 44. Rd8 e4 45. Rb5+ Kf6 46. Rd4 e3 47.
Re4 e2 48. Rbe5 Bf5 49. Re3 Rf2 50. Kb3 Bxc2+ 51. Kc3 Bf5 52. Kd2 Rf1 53. Re8 Be6 54. Ra8 Rd1+ 0-1

[Event "*** Titled Tuesday Blitz"]
[Site "Chess.com"]
[Date "2020.10.20"]
[Round "5"]
[White "11kevin"]
[Black "GMKrikor"]
[Result "0-1"]
[WhiteElo "2580"]
[BlackElo "2805"]
[TimeControl "180+1"]
[EndTime "10:57:07 PDT"]
[Termination "GMKrikor won by resignation"]

1. d4 Nf6 2. c4 g6 3. g3 d5 4. cxd5 Nxd5 5. Bg2 Bg7 6. Nf3 Nb6 7. O-O Nc6 8. e3 e5 9. Nc3 exd4 10. exd4 O-O 11.
Bg5 Qd7 12. Be3 Nc4 13. Qb3 Nxe3 14. fxe3 Qd8 15. Na4 Rb8 16. Rad1 Qe7 17. Rfe1 Qb4 18. Qxb4 Nxb4 19. a3 Nd5 20. e4 Nb6 21. Nc5 Bg4 22. b3 Rfd8 23. d5 Bf8 24. Rc1 Bg7 25. h3 Bxf3 26.
Bxf3 Bb2 27. Rc2 Bxa3 28. Nd3 c6 29. Ra1 Bf8 30. Rxa7 cxd5 31. exd5 Nxd5 32. Nf2 b6 33. Ne4 Be7 34. Kf2 f5 35. Nd2 Bc5+ 36. Ke2 Re8+ 37. Kd3 Nb4+ 38. Kc3 Re3+ 39. Kb2 Bd4+ 40. Kc1 Re1+ 41.
Bd1 Nd3+ 42. Kb1 Rxd1+ 0-1

[Event "*** Titled Tuesday Blitz"]
[Site "Chess.com"]
[Date "2020.10.20"]
[Round "5"]
[White "DenishevM"]
[Black "Mazetovic"]
[Result "0-1"]
[WhiteElo "2558"]
[BlackElo "2749"]
[TimeControl "180+1"]
[EndTime "10:57:07 PDT"]
[Termination "Mazetovic won on time"]

1. d4 Nf6 2. c4 g6 3. Nc3 Bg7 4. Nf3 O-O 5. e4 d6 6. Be2 Na6 7. O-O e5 8. d5 Nc5 9. Qc2 a5 10. Bg5 h6 11. Be3 b6 12. Nd2 Ng4 13. Bxg4 Bxg4 14.
f3 Bd7 15. b3 f5 16. a3 f4 17. Bf2 g5 18. b4 Nb7 19. c5 bxc5 20. bxc5 Nxc5 21. Bxc5 dxc5 22. Nc4 g4 23. d6 Be6 24. Qd3 cxd6 25. Rad1 gxf3 26. gxf3 Rf6 27. Nxe5 Rf8 28. Nc6 Qh4 29. Nd5 Bh3 30. Rf2 Kh8 31. Nce7 Qh5 32.
Rc2 Bd4+ 33. Kh1 Rf7 34. e5 dxe5 35. Re2 Rg7 0-1

[Event "*** Titled Tuesday Blitz"]
[Site "Chess.com"]
[Date "2020.10.20"]
[Round "5"]
[White "Eliwood44"]
[Black "Mbneu"]
[Result "1-0"]
[WhiteElo "2433"]
[BlackElo "2226"]
[TimeControl "180+1"]
[EndTime "10:57:07 PDT"]
[Termination "Eliwood44 won by resignation"]

1. d4 Nf6 2. Nf3 c5 3. d5 b5 4. Bg5 Ne4 5. Bh4 g6 6. Nbd2 Nxd2 7. Qxd2 d6 8. e4 Bg7 9. Bxb5+ Bd7 10. Bxd7+ Nxd7 11. c3 Nb6 12. Qe2 O-O 13. O-O Na4 14. Rfd1 Rb8 15. Rab1 Rxb2 16. Rxb2 Nxc3 17. Qc2 Nxd1 18. Rb3 c4 19. Rb7 Qc8 20. Rxa7 Qc5 21. Rxe7 Nb2 22. e5 Qxd5 23. h3 Nd3 24. exd6 Nb4 25. Qe4 c3 26. Qxb4 c2 27. Re1 Qd1 28. Qc5 Bb2 29. Bg5 Re8 30.
Kh2 Rxe1 31. Nxe1 Qxe1 32. Qc8+ Kg7 33. Qxc2 Qe5+ 34. f4 Qxd6 35. Qxb2+ f6 36. Bxf6+ Qxf6 37. Qxf6+ Kxf6 1-0

[Event "*** Titled Tuesday Blitz"]
[Site "Chess.com"]
[Date "2020.10.20"]
[Round "5"]
[White "Sashadav97"]
[Black "Oleksandr_Bortnyk"]
[Result "0-1"]
[WhiteElo "2639"]
[BlackElo "2892"]
[TimeControl "180+1"]
[EndTime "10:57:08 PDT"]
[Termination "Oleksandr_Bortnyk won by resignation"]

1. Nf3 Nf6 2. c4 b6 3. g3 Bb7 4.
Bg2 g6 5. b3 Bg7 6. Bb2 O-O 7.
O-O c5 8. Nc3 d5 9. Nxd5 Nxd5 10.
Bxg7 Kxg7 11. cxd5 Qxd5 12. d4 cxd4 13. Qxd4+ Qxd4 14. Nxd4 Bxg2 15. Kxg2 Nd7 16. Rfd1 Nc5 17. b4 Ne4 18. Nc6 e6 19. Rac1 Rfc8 20. f3 Nf6 21. e4 a6 22. a4 b5 23. a5 Rc7 24.
Ne5 Rac8 25. Rxc7 Rxc7 26. Rd6 Rc2+ 27. Kg1 g5 28. Rxa6 g4 29. Ra7 Ne8 30. Rxf7+ Kg8 31. Re7 Nc7 32. Nxg4 Na6 33. Rb7 Nxb4 34. Rxb5 Nd3 35.
a6 Ra2 36. Rb8+ Kf7 37. Rb7+ Kg6 38. a7 h5 39. Ne5+ Nxe5 40. f4 Nf3+ 41. Kf1 Nxh2+ 42. Ke1 Nf3+ 43. Kd1 Nd4 44. Kc1 Ne2+ 45. Kb1 Nc3+ 46. Kc1 Nxe4 47. Rc7 Nxg3 48. Kb1 Ra6 49. Kb2 h4 0-1

[Event "*** Titled Tuesday Blitz"]
[Site "Chess.com"]
[Date "2020.10.20"]
[Round "5"]
[White "Vanina1989"]
[Black "Zhigalko_Sergei"]
[Result "0-1"]
[WhiteElo "2670"]
[BlackElo "2935"]
[TimeControl "180+1"]
[EndTime "10:57:08 PDT"]
[Termination "Zhigalko_Sergei won on time"]

1. d4 Nf6 2. c4 e6 3. Nf3 b6 4. g3 Ba6 5. b3 Bb4+ 6. Bd2 Be7 7. Bg2 c6 8. O-O d5 9. Ne5 Nfd7 10. Nxd7 Nxd7 11.
Bf4 dxc4 12. Bxc6 Rc8 13. d5 Bf6 14. Nd2 exd5 15. Bxd5 Bxa1 16. Qxa1 c3 17. Ne4 O-O 18. Nxc3 Qf6 19. Ne4 Qxa1 20. Rxa1 Bxe2 21. Nd6 Rc5 22.
Nf5 Re8 23. Bxf7+ Kxf7 24. Nd6+ Kf8 25. Nxe8 Kxe8 26. Re1 Rc2 27. f3 Kf7 28. Bd6 Rxa2 29. Kg2 Nf6 30. Kh3 Bxf3 0-1

[Event "*** Titled Tuesday Blitz"]
[Site "Chess.com"]
[Date "2020.10.20"]
[Round "5"]
[White "paulrusan"]
[Black "Qvalda"]
[Result "1-0"]
[WhiteElo "2236"]
[BlackElo "2416"]
[TimeControl "180+1"]
[EndTime "10:57:08 PDT"]
[Termination "paulrusan won by resignation"]

1. e4 g6 2. d4 Bg7 3. Nc3 d6 4. Be3 a6 5. Qd2 b5 6. O-O-O Nd7 7. h4 h6 8. h5 g5 9. f4 gxf4 10. Bxf4 c5 11. dxc5 Nxc5 12. e5 Qa5 13. exd6 b4 14.
dxe7 Nxe7 15. Nd5 Nxd5 16. Qxd5 O-O 17. Bd6 Be6 18. Qxc5 Qxa2 19. Qxb4 Rfd8 20. Qa3 Qxa3 21. Bxa3 Rdc8 22. Nf3 Rab8 23. Bd3 Bg4 24. Rdf1 a5 25. Rh4 Be6 26. Kb1 Rb7 27. Nd4 Rbc7 28. Nxe6 fxe6 29. Rg4 Kh8 30. Bg6 a4 31. c3 e5 32. Rf7 Rxf7 33.
Bxf7 e4 34. Rxe4 Rb8 35. Re8+ Rxe8 36. Bxe8 Be5 37. g4 1-0

[Event "*** Titled Tuesday Blitz"]
[Site "Chess.com"]
[Date "2020.10.20"]
[Round "5"]
[White "realmadridtv"]
[Black "Jungle_Jaguar"]
[Result "1-0"]
[WhiteElo "2413"]
[BlackElo "2589"]
[TimeControl "180+1"]
[EndTime "10:57:09 PDT"]
[Termination "realmadridtv won by resignation"]

1. e4 c5 2. Nf3 d6 3. Nc3 Nf6 4. e5 dxe5 5. Nxe5 a6 6. g3 e6 7. Bg2 Bd6 8. d4 O-O 9. O-O Bc7 10. Be3 Qe7 11. Nd3 cxd4 12. Bxd4 Rd8 13. Bc5 Qe8 14. Qe2 e5 15. Rfe1 Nc6 16. h3 Bf5 17.
Kh2 Rac8 18. Ne4 Nd5 19. Rf1 Bg6 20. Ba3 f5 21. Ng5 e4 22. Nc5 h6 23. Nge6 Rd7 24.
Nxd7 Qxd7 25. Nc5 Qf7 26. Nxb7 Bxg3+ 27. fxg3 Qxb7 28. c4 Ndb4 29. Bxb4 Nxb4 30. Rad1 Qc7 31. b3 Kh7 32. Rd5 Nxd5 33. cxd5 Qc2 34. Qxa6 Qd2 35. Qxc8 e3 36. Qc1 Qd4 37. Re1 f4 38. gxf4 Qxf4+ 39. Kh1 Be4 40. Qxe3 1-0

[Event "*** Titled Tuesday Blitz"]
[Site "Chess.com"]
[Date "2020.10.20"]
[Round "5"]
[White "KatarinaOstojic"]
[Black "romulocardoso"]
[Result "1-0"]
[WhiteElo "2336"]
[BlackElo "2095"]
[TimeControl "180+1"]
[EndTime "10:57:09 PDT"]
[Termination "KatarinaOstojic won by checkmate"]

1. d4 Nf6 2. Nf3 e6 3. c4 d5 4. Nc3 Bb4 5. cxd5 exd5 6. Bg5 O-O 7. e3 b6 8. Bd3 Bb7 9. O-O h6 10. Bh4 Nbd7 11. Rc1 Bxc3 12. Rxc3 Rc8 13. b4 Qe8 14. Bxf6 Nxf6 15. Ne5 Ne4 16. Bxe4 dxe4 17. Qg4 f5 18. Qg3 Qa4 19. Ng6 Rf7 20. a3 a5 21.
Rb1 axb4 22. axb4 Qa2 23. Rbc1 Qa4 24. h3 Qxb4 25. Rxc7 Rcxc7 26. Rxc7 f4 27. Qh4 fxe3 28. fxe3 Rxc7 29. Qd8+ Kh7 30. Nf8+ Kg8 31. Ne6+ Kf7 32. Nxc7 Qe1+ 33. Kh2 Qxe3 34. Qe8+ Kf6 35. Qe6+ Kg5 36. Qe5+ Kh4 37. g3+ Qxg3+ 38. Qxg3+ Kh5 39. Ne6 e3 40. Qg4# 1-0

[Event "*** Titled Tuesday Blitz"]
[Site "Chess.com"]
[Date "2020.10.20"]
[Round "5"]
[White "Sanyura"]
[Black "DenisQ"]
[Result "0-1"]
[WhiteElo "2497"]
[BlackElo "2671"]
[TimeControl "180+1"]
[EndTime "10:57:10 PDT"]
[Termination "DenisQ won by resignation"]

1. e4 c6 2. Nf3 d5 3. Nc3 Bg4 4.
h3 Bh5 5. exd5 cxd5 6. g4 Bg6 7.
Bb5+ Nc6 8. Ne5 Rc8 9. d4 e6 10. h4 f6 11. Nxg6 hxg6 12. Qd3 Kf7 13. h5 gxh5 14.
gxh5 Nge7 15. Bxc6 Rxc6 16. Bf4 Nf5 17. O-O-O Bb4 18.
Ne2 Bd6 19. Bd2 Qc7 20. Rdg1 b5 21. Ng3 Bxg3 22. fxg3 Rc4 23. c3 Rxd4 24. Qxb5 Rb8 25. Qe2 Qc4 26. Qxc4 Rxc4 27. g4 Nd6 28. h6 g5 29. h7 Rh8 30. Rh6 Kg7 31. Rgh1 Rxg4 32. Be3 a6 33. Bd4 Ne4 34. R6h2 e5 35. Be3 Nd6 36.
Kc2 Nf5 37. Bd2 Rh4 38. Rf2 Rxh1 39. Rxf5 R8xh7 40. b3 R7h2 41. c4 dxc4 42. bxc4 Rg1 43.
Rf3 Rgg2 44. Rd3 e4 45. Rd7+ Kf8 46. Kc3 Rxd2 47. Rxd2 Rxd2 48. Kxd2 Ke7 49. Ke3 f5 50. Kd4 Kd6 51. a3 g4 52. Ke3 Kc5 0-1

[Event "*** Titled Tuesday Blitz"]
[Site "Chess.com"]
[Date "2020.10.20"]
[Round "5"]
[White "Pultis"]
[Black "vladgoncharov"]
[Result "1-0"]
[WhiteElo "2677"]
[BlackElo "2498"]
[TimeControl "180+1"]
[EndTime "10:57:11 PDT"]
[Termination "Pultis won on time"]

1. Nf3 Nf6 2. g3 d5 3. Bg2 c6 4. O-O Bf5 5. d3 Nbd7 6. c4 dxc4 7. dxc4 Nb6 8. b3 Qxd1 9. Rxd1 e6 10. Nd4 Be4 11. Nf3 Bc5 12. Nc3 Bc2 13. Rd2 Bg6 14. Ne5 Bb4 15. Bb2 Ne4 16. Nxg6 Nxd2 17. Nxh8 Ke7 18.
Rd1 Ndxc4 19. bxc4 Nxc4 20. Ba1 Rxh8 21. Rb1 a5 22.
Ne4 f6 23. Bc3 Rd8 24. Bxb4+ axb4 25. Rxb4 Rd1+ 26. Bf1 b5 27. Kg2 f5 28. Nc3 Rc1 29. Nb1 Rc2 30. a4 bxa4 31. Rxa4 Nb6 32. Ra7+ Kf6 33. Na3 Rc1 34. e3 Nd5 35. Nc4 Rc2 36. h4 h6 37. h5 g6 38. hxg6 Kxg6 39. Kf3 Kf6 40. Bd3 Rc3 41. Ra3 Rc1 42. g4 fxg4+ 43. Kxg4 e5 44. Nd6 Rg1+ 45. Kf3 Ke6 46. Ne4 Rd1 47.
Be2 Rb1 48. Ra6 Kd7 49. Ra7+ Ke6 50. Rh7 Rb2 51. Rxh6+ Kd7 52. Bc4 1-0

[Event "*** Titled Tuesday Blitz"]
[Site "Chess.com"]
[Date "2020.10.20"]
[Round "5"]
[White "Teo2000"]
[Black "Fins0905"]
[Result "0-1"]
[WhiteElo "2446"]
[BlackElo "2638"]
[TimeControl "180+1"]
[EndTime "10:57:11 PDT"]
[Termination "Fins0905 won by resignation"]

1. e4 d5 2. exd5 Qxd5 3. Nc3 Qa5 4. d4 Nf6 5. Bc4 Bg4 6. Ne2 e6 7. Be3 Nbd7 8. Qd2 c6 9. f3 Bf5 10. g4 Bg6 11. O-O-O Nb6 12. Bb3 Nfd5 13. Bf2 O-O-O 14. Kb1 Nxc3+ 15. Nxc3 h5 16. g5 Bb4 17. a3 Bxc3 18.
Qxc3 Qxg5 19. Rhg1 Qb5 20. Bg3 Nd5 21. Qe1 Qxb3 22.
Qe5 Bxc2+ 23. Kc1 Bxd1 24. Rxd1 h4 25. Bf2 Qxf3 26. Bg1 Qf5 27. Qe2 Rhg8 28. Rf1 Qg6 29. h3 f5 30. Bh2 Qf6 31. Be5 Qe7 32. Bh2 g5 33. Qe5 f4 34. Re1 Qd6 35. Qe4 Rde8 36. Kb1 Re7 37. Bg1 Rge8 38. Bf2 e5 39. Qf5+ Qd7 40.
Qxg5 e4 41. Bxh4 e3 42. Qg6 Re6 43. Qf5 e2 44. Bf2 Re4 45. Qg5 f3 46. h4 Qe6 47.
h5 Rg4 48. Qd2 Qe4+ 49. Ka1 Nf4 50. h6 Nd3 51. Rh1 Nxf2 52. h7 Nxh1 0-1

[Event "*** Titled Tuesday Blitz"]
[Site "Chess.com"]
[Date "2020.10.20"]
[Round "5"]
[White "Beca95"]
[Black "Ermito2020"]
[Result "1-0"]
[WhiteElo "2892"]
[BlackElo "2639"]
[TimeControl "180+1"]
[EndTime "10:57:14 PDT"]
[Termination "Beca95 won by resignation"]

1. c4 e6 2. Nc3 f5 3. d3 Nf6 4. e4 d6 5. exf5 exf5 6. Bf4 Be7 7. h3 O-O 8. Nf3 Nc6 9. Be2 h6 10. a3 Be6 11. Bh2 d5 12. Nb5 Rc8 13. b4 a6 14. Nbd4 Nxd4 15. Nxd4 Bd7 16. c5 Nh7 17. Nf3 b6 18. Rc1 bxc5 19. bxc5 Bb5 20. O-O Ng5 21. Nd4 Bf6 22. Nxb5 axb5 23. c6 Bb2 24. Rb1 Bxa3 25. Rxb5 f4 26. Qb3 Bd6 27. Rxd5 Kh8 28. Bg4 Rb8 29.
Qc4 Qf6 30. Rf5 Qe7 31. Bxf4 Rxf5 32. Bxd6 Qxd6 33. Bxf5 Rb4 34. Qc3 Rf4 35. Bd7 Rf8 36.
d4 Qg6 37. Qg3 Qe4 38. h4 Nh7 39. Qxc7 Qxd4 40. Qg3 Nf6 41. Bh3 Qc5 42. c7 Nd5 43. c8=Q Rxc8 44. Bxc8 Qxc8 45. Rd1 Nf6 46. f3 Qc5+ 47.
Kh2 Kh7 48. Qf4 Qc2 49. Rd6 Qc3 50. Qf5+ Kg8 51. Rd8+ Kf7 52. Rd7+ Kg8 53. Rb7 Kh8 54. Qg6 Nd5 1-0

[Event "*** Titled Tuesday Blitz"]
[Site "Chess.com"]
[Date "2020.10.20"]
[Round "5"]
[White "Arfan48"]
[Black "GameOverBro"]
[Result "0-1"]
[WhiteElo "2364"]
[BlackElo "2534"]
[TimeControl "180+1"]
[EndTime "10:57:15 PDT"]
[Termination "GameOverBro won on time"]

1. e4 d6 2. d4 Nf6 3. Nc3 e5 4. Nf3 Nbd7 5. Bc4 Be7 6. O-O c6 7. a4 Qc7 8. a5 h6 9. b3 Nf8 10. d5 Ng6 11. Be3 O-O 12. Qd2 Kh7 13. h3 Nh5 14. Ne2 Bd7 15. Rfd1 c5 16. g4 Nf6 17.
Ng3 b5 18. axb6 axb6 19. Bd3 b5 20. c4 b4 21. Nf5 Ra3 22. Bxh6 Bxf5 23. exf5 gxh6 24.
fxg6+ fxg6 25. Qc2 Nxg4 26. Bxg6+ Kh8 27. hxg4 Rxf3 28. Be4 Rfxb3 29. Rxa3 Rxa3 30. Kg2 Bg5 31. Rh1 Qf7 32. Bf5 Qa7 33. Qe4 Ra2 34. Be6 Qh7 35. Qf3 Qg7 36. Qf5 Qf6 37. Qf3 Kg7 0-1

[Event "*** Titled Tuesday Blitz"]
[Site "Chess.com"]
[Date "2020.10.20"]
[Round "5"]
[White "szachuspl"]
[Black "CM_rui"]
[Result "1-0"]
[WhiteElo "2528"]
[BlackElo "2364"]
[TimeControl "180+1"]
[EndTime "10:57:15 PDT"]
[Termination "szachuspl won by resignation"]

1. d4 Nf6 2. c4 e6 3. Nf3 Bb4+ 4. Nbd2 O-O 5. g3 d6 6. Bg2 Nbd7 7. O-O e5 8. Nb3 exd4 9. Nfxd4 Nc5 10. a3 Nxb3 11. Nxb3 Bc5 12. Nxc5 dxc5 13. Qxd8 Rxd8 14. Be3 Be6 15.
b3 c6 16. Bxc5 Rd2 17. Bf3 Ng4 18. Rfd1 Rad8 19. Rxd2 Rxd2 20. Bxa7 Ne5 21. Be3 Nxf3+ 22. exf3 Rb2 23. Rd1 f6 24. Rd3 Bh3 25. Bc1 Rb1 26.
Rc3 c5 27. f4 Kf7 28. f3 Ra1 29.
g4 Ra2 30. Be3 Rxa3 31. Kf2 Ra2+ 32. Ke1 b6 33. f5 Rxh2 34. Bf4 Rb2 35. Bc7 h5 36.
gxh5 Bxf5 37. Bxb6 Ke6 38. Bxc5 Ke5 39. Be3 Bh3 40.
c5 Bc8 41. c6 Kf5 42. c7 Ke6 43. Kd1 Kd5 44. Kc1 Re2 45. b4 Rh2 46. Bd2 Rxh5 47. Rc5+ Kd6 48. Rxh5 Kxc7 49. Rh7 Kb6 50. Rxg7 Kb5 51.
Rf7 f5 52. Rc7 Be6 53. Rc5+ Ka4 54. Kb2 1-0

[Event "*** Titled Tuesday Blitz"]
[Site "Chess.com"]
[Date "2020.10.20"]
[Round "5"]
[White "Mikasinski"]
[Black "Lagmantr"]
[Result "1-0"]
[WhiteElo "2558"]
[BlackElo "2720"]
[TimeControl "180+1"]
[EndTime "10:57:16 PDT"]
[Termination "Mikasinski won on time"]

1. e4 c6 2. d4 d5 3. e5 c5 4. dxc5 e6 5. Nf3 Bxc5 6. Bd3 Ne7 7. O-O Ng6 8. Nbd2 O-O 9. Nb3 Be7 10. Re1 Bd7 11. Be3 Nc6 12. Bxg6 hxg6 13. Bc5 Rc8 14.
Bxe7 Qxe7 15. c3 Rfd8 16. Qd2 b5 17. Qf4 b4 18. Nbd4 bxc3 19. bxc3 Nxd4 20. cxd4 Qa3 21. Ng5 Be8 22. Qh4 Qd3 23. Re3 Qd2 24. h3 Rc1+ 25. Rxc1 Qxc1+ 26. Kh2 Rb8 27. Rf3 Rb6 28. Qh7+ Kf8 29.
Qxg6 Ke7 30. Qxg7 1-0

[Event "*** Titled Tuesday Blitz"]
[Site "Chess.com"]
[Date "2020.10.20"]
[Round "5"]
[White "PhileKhoob"]
[Black "Nara_Kh"]
[Result "0-1"]
[WhiteElo "2531"]
[BlackElo "2396"]
[TimeControl "180+1"]
[EndTime "10:57:16 PDT"]
[Termination "Nara_Kh won by resignation"]

1. e4 c5 2. Nf3 d6 3. d4 Nf6 4. dxc5 Nxe4 5. cxd6 Nc6 6. Bd3 Nxd6 7.
O-O e5 8. Re1 f6 9. Nc3 Be6 10. b3 Be7 11. Bb2 O-O 12. Qe2 Qd7 13. Rad1 Kh8 14. h3 Rad8 15. Nh4 f5 16. Nf3 e4 17.
Bb5 Bf6 18. Na4 exf3 19. Qxe6 Qxe6 20. Rxe6 Nxb5 21. Rxd8 Nxd8 22. Re3 Bxb2 23. Nxb2 fxg2 24. Kxg2 Nc6 25. Nc4 f4 26. Re6 Nbd4 27. Rd6 f3+ 28. Kg1 h6 29. Rd7 Re8 30. Rxb7 Re1+ 31. Kh2 Ne2 32.
Rc7 Ncd4 33. Ne5 Rf1 34. Nd3 Rg1 35. c3 Rg2+ 36. Kh1 Nf5 37. Rxa7 Nfg3+ 0-1

[Event "*** Titled Tuesday Blitz"]
[Site "Chess.com"]
[Date "2020.10.20"]
[Round "5"]
[White "MITerryble"]
[Black "Buffy7"]
[Result "1-0"]
[WhiteElo "2893"]
[BlackElo "2656"]
[TimeControl "180+1"]
[EndTime "10:57:17 PDT"]
[Termination "MITerryble won by resignation"]

1. d4 d5 2. Nf3 e6 3. c4 a6 4. e3 Nf6 5. b3 b6 6. Bd3 Bb7 7. Bb2 Bd6 8. O-O O-O 9. Nc3 Nbd7 10.
Rc1 Qe7 11. cxd5 exd5 12. Bf5 Rfe8 13. Ne2 Ne4 14. Ng3 Nxg3 15. hxg3 g6 16. Bh3 f5 17. g4 f4 18. Re1 Qf7 19. g5 fxe3 20. Rxe3 Rxe3 21.
fxe3 Re8 22. Qd3 Nf8 23. Rf1 Qe7 24. Ne5 Qxg5 25. Qe2 Bc8 26. Qf3 Qe7 27. Qxd5+ Be6 28. Bxe6+ Qxe6 29. Qxe6+ Rxe6 30. Ng4 Re4 31. Nf6+ Kg7 32.
Nxe4 Ne6 33. d5+ 1-0

[Event "*** Titled Tuesday Blitz"]
[Site "Chess.com"]
[Date "2020.10.20"]
[Round "5"]
[White "AniJak"]
[Black "BlackBoarder"]
[Result "1-0"]
[WhiteElo "2406"]
[BlackElo "2584"]
[TimeControl "180+1"]
[EndTime "10:57:17 PDT"]
[Termination "AniJak won on time"]

1. e4 e6 2. d4 d5 3. Nd2 c5 4. exd5 Qxd5 5. Ngf3 cxd4 6. Bc4 Qd6 7. O-O Nf6 8. Nb3 Nc6 9. Nfxd4 Nxd4 10. Nxd4 a6 11. c3 Qc7 12. Bb3 Bd6 13. h3 O-O 14. Bg5 Bd7 15.
Qf3 Be5 16. Rad1 Rad8 17. Rfe1 h6 18. Bh4 b5 19. Qe3 Bf4 20. Qf3 e5 21. Bxf6 gxf6 22. Ne2 Bg5 23. Ng3 Bc6 24. Qf5 Qc8 25. Qg6+ Kh8 26.
Bxf7 Rxd1 27. Rxd1 Qb7 28. Be6 Qe7 29. Bb3 Qh7 30. Qxh7+ Kxh7 31. Bc2+ Kg7 32. Rd6 Rc8 33. Nf5+ Kf7 34. Bb3+ Ke8 35. g3 Be4 36. Ng7+ Ke7 37. Re6+ Kf8 38. Nh5 a5 39. Nxf6 Bf3 40. Nd7+ Kg7 41. Nxe5 1-0

[Event "*** Titled Tuesday Blitz"]
[Site "Chess.com"]
[Date "2020.10.20"]
[Round "5"]
[White "MFBerna"]
[Black "giantslayer83"]
[Result "0-1"]
[WhiteElo "2415"]
[BlackElo "2705"]
[TimeControl "180+1"]
[EndTime "10:57:18 PDT"]
[Termination "giantslayer83 won on time"]

1. b3 Nf6 2. Bb2 g6 3. Nf3 Bg7 4. e3 O-O 5. Be2 d6 6. O-O e5 7.
d4 e4 8. Nfd2 Re8 9. c4 h5 10. d5 h4 11. h3 a5 12. a3 Na6 13. Nc3 Bf5 14. Nb5 Qd7 15. Kh2 c6 16. dxc6 bxc6 17. Nd4 Nc5 18. Qc2 Nd3 19. Nxf5 Qxf5 20.
Bxd3 exd3 21. Qd1 d5 22. Rc1 Rad8 23. cxd5 Qxd5 24. Qf3 Ne4 25. Nxe4 Bxb2 26. Rc4 a4 27. Rxa4 Qxb3 28. Ra7 Qb8+ 29. Kg1 Qxa7 30. Rb1 Qxa3 31. Qf4 d2 32. Rd1 Bg7 33. Nxd2 Rxd2 34. e4 Rxd1+ 0-1

[Event "*** Titled Tuesday Blitz"]
[Site "Chess.com"]
[Date "2020.10.20"]
[Round "5"]
[White "Das_Virus_2020"]
[Black "Belka1989"]
[Result "1-0"]
[WhiteElo "2428"]
[BlackElo "2284"]
[TimeControl "180+1"]
[EndTime "10:57:18 PDT"]
[Termination "Das_Virus_2020 won by checkmate"]

1. e4 c5 2. c3 d6 3. d4 Nf6 4. Bd3 Nc6 5. Ne2 e5 6. dxc5 d5 7. b4 dxe4 8. Bc2 Qc7 9. O-O Bg4 10. Qe1 a5 11. Ng3 axb4 12. cxb4 Nd4 13. Bxe4 Nb3 14.
axb3 Rxa1 15. Nc3 Be7 16. Qe3 O-O 17. Nf5 Bxf5 18. Bxf5 Rd8 19. h3 h6 20. Bd3 Nh5 21. Qe4 Nf6 22. Qe3 Nh5 23. Bc4 Bg5 24. Qf3 Nf4 25. Bxf4 Rxf1+ 26. Bxf1 Bxf4 27. Bc4 Rd2 28. g3 Bg5 29. Ne4 Rb2 30. Nd6 Bf6 31. Bxf7+ Kh8 32.
Qf5 Qd8 33. Bd5 Qe7 34. Be4 Kg8 35. Qh7+ Kf8 36. Qh8# 1-0

[Event "*** Titled Tuesday Blitz"]
[Site "Chess.com"]
[Date "2020.10.20"]
[Round "5"]
[White "Matols"]
[Black "Egorov_Pavel"]
[Result "1-0"]
[WhiteElo "2261"]
[BlackElo "2395"]
[TimeControl "180+1"]
[EndTime "10:57:18 PDT"]
[Termination "Matols won on time"]

1. d4 Nf6 2. c4 g6 3. g3 d5 4. cxd5 Nxd5 5. Nf3 Bg7 6. Bg2 O-O 7. O-O Nc6 8. Nc3 Nb6 9. e3 Re8 10. Re1 e5 11. d5 Na5 12. e4 c6 13. b3 cxd5 14. exd5 e4 15. Nxe4 Bxa1 16. Bg5 f6 17. Bxf6 Bxf6 18.
Nxf6+ Qxf6 19. Rxe8+ Kf7 20. Qe1 h6 21. Re2 Nxd5 22.
Qxa5 Nc3 23. Qc7+ Kf8 24. Re3 Nd5 25. Qc5+ Ne7 26. Nh4 Bf5 27. Nxf5 gxf5 28. Bxb7 Rd8 29. Kg2 Rd2 30. Bf3 Rd7 31. b4 Qd6 32. Qc3 Qd4 33.
Qb3 f4 34. Re2 fxg3 35. hxg3 1-0

[Event "*** Titled Tuesday Blitz"]
[Site "Chess.com"]
[Date "2020.10.20"]
[Round "5"]
[White "ciucas1892"]
[Black "lacafi"]
[Result "1-0"]
[WhiteElo "2344"]
[BlackElo "2129"]
[TimeControl "180+1"]
[EndTime "10:57:18 PDT"]
[Termination "ciucas1892 won by resignation"]

1. c4 f5 2. g3 Nf6 3. Bg2 g6 4. d4 Bg7 5. h4 c6 6. Nh3 d5 7.
cxd5 cxd5 8. Nf4 e6 9. h5 g5 10.
h6 Bf8 11. Nd3 g4 12. Nc3 Nc6 13. Nf4 Bd6 14. O-O Bf8 15. Be3 Bxh6 16. Nxe6 Bxe6 17. Bxh6 Qe7 18. Bg5 Rd8 19. Rc1 O-O 20. Qd2 Qf7 21. a3 Rd7 22. b4 Ne4 23. Nxe4 fxe4 24. b5 Ne7 25. Bh6 Re8 26. Qg5+ Ng6 27. Rc5 Qf5 28. Rfc1 Qxg5 29. Bxg5 Kf7 30. a4 Ne7 31. e3 Nf5 32.
Bf1 Nd6 33. Bf4 Nc4 34. a5 h5 35. a6 bxa6 36. bxa6 Ree7 37. Bxc4 dxc4 38. Rxh5 Kg6 39. Rh6+ Kf7 40. Kg2 Bd5 41. Rch1 Re6 42. Rh7+ Ke8 43. Rh8+ Ke7 44. R1h7+ 1-0

[Event "*** Titled Tuesday Blitz"]
[Site "Chess.com"]
[Date "2020.10.20"]
[Round "5"]
[White "BanjoKazooieN64"]
[Black "FMJoseHerrera"]
[Result "0-1"]
[WhiteElo "2377"]
[BlackElo "2540"]
[TimeControl "180+1"]
[EndTime "10:57:19 PDT"]
[Termination "FMJoseHerrera won by checkmate"]

1. e4 c5 2. Nc3 e6 3. Nf3 a6 4. d4 cxd4 5. Nxd4 Qc7 6. f4 b5 7. a3 Bb7 8. Bd3 Nf6 9. Nf3 d6 10. O-O Nbd7 11. Qe1 Be7 12. b4 Rc8 13. Bb2 h5 14. e5 dxe5 15. fxe5 Ng4 16. Ne4 Ndxe5 17.
Nxe5 Nxe5 18. Qf2 O-O 19. Rae1 Ng4 20. Qg3 Qxg3 21. Nxg3 g6 22. Ne4 f5 23. Nc5 Rxc5 24.
bxc5 Bxc5+ 25. Kh1 Bd5 26. h3 Nf2+ 27. Kh2 Nxd3 28.
cxd3 Kf7 29. Rc1 Bd6+ 30. Kg1 Rd8 31. Rc2 Rd7 32. Rc8 Bb7 33. Rh8 Bc5+ 34. d4 Rxd4 35. Rh7+ Kg8 36. Rh8+ Kxh8 37. Rc1 Bb6 38. Re1 Bd5 39.
Rc1 Kg8 40. Rc8+ Kf7 41. Bxd4 Bxd4+ 42. Kh2 Bc4 43. Rc6 a5 44. Ra6 a4 45. Rc6 e5 46.
Kg3 g5 47. Rh6 h4+ 48. Kf3 e4# 0-1

[Event "*** Titled Tuesday Blitz"]
[Site "Chess.com"]
[Date "2020.10.20"]
[Round "5"]
[White "valeriocarnicelli"]
[Black "Chamal_Gedgafov"]
[Result "1-0"]
[WhiteElo "2589"]
[BlackElo "2167"]
[TimeControl "180+1"]
[EndTime "10:57:20 PDT"]
[Termination "valeriocarnicelli won by resignation"]

1. e4 e6 2. d4 d5 3. Nc3 Bb4 4. e5 c5 5. a3 Bxc3+ 6. bxc3 Ne7 7. Qg4 Qc7 8. Qxg7 Rg8 9. Qxh7 cxd4 10. Ne2 Nbc6 11. f4 Bd7 12. Qd3 dxc3 13. Rb1 d4 14. Ng3 O-O-O 15. Be2 Kb8 16. O-O b6 17. Ne4 Nf5 18. Kh1 Na5 19. a4 Bc6 20. Ba3 Ka8 21. Bf3 Nh4 22. Nd6 Nxf3 23. gxf3 Bd5 24. Qxd4 Qc6 25.
Qd3 Nc4 26. Nxc4 Bxc4 27. Qxc3 Rc8 28. Rf2 Bd5 29. Qxc6+ Rxc6 30. Rg1 Rh8 31. Bb2 Rc4 32. Rg4 Rxa4 33. Kg2 Rb4 34. c3 Rb3 35. h4 a5 36.
Kh3 a4 37. Rg1 a3 38. Ra1 Kb7 39. Rxa3 Rb5 40. Ra1 Rc5 41. Rg1 Rh7 42. Rg5 Rc8 43. h5 Ra8 44. Kg4 Ra2 45. Rh2 Kc6 46. h6 Kb5 47.
Rg7 Kc4 48. Rxh7 1-0